 Dungeon Crawl Stone Soup version 0.22-a0-605-g9281fa2 (webtiles) character file.

85964 Gildeon the Severer (level 15, -2/113 HPs)
             Began as a Minotaur Fighter on July 8, 2018.
             Was the Champion of Okawaru.
             Shot with a sling bullet by a faun (3 damage)
             ... on level 1 of the Shoals.
             The game lasted 01:22:52 (16890 turns).

Gildeon the Severer (Minotaur Fighter)             Turns: 16890, Time: 01:22:53

Health: -2/113     AC: 14    Str: 28    XL:     15   Next: 39%
Magic:  21/21      EV: 15    Int:  9    God:    Okawaru [******]
Gold:   1703       SH: 17    Dex:  9    Spells: 8/24 levels left

rFire    + + .     SeeInvis .   J - +2 broad axe (elec)
rCold    + . .     Gourm    .   n - +3 shield {rF+}
rNeg     . . .     Faith    .   H - +3 leather armour {rC+}
rPois    .         Spirit   .   (helmet restricted)
rElec    +         Reflect  .   d - scarf {cloud immunity}
rCorr    .         Harm     .   G - +2 pair of gloves of Past Mistakes {rF+}
MR       ++...                  A - +2 pair of boots "Qyugoing" {rElec MR+ Int+4 Dex-5}
Stlth    +.........             t - amulet of regeneration
HPRegen  0.68/turn              i - +5 ring of strength
MPRegen  0.17/turn              B - ring of flight

@: drained
A: retaliatory headbutt, horns 2, frail 1, subdued magic 1, MP-powered wands
a: Heroism, Finesse, Renounce Religion, Evoke Flight


You were on level 1 of the Shoals.
You worshipped Okawaru.
Okawaru was exalted by your worship.
You were not hungry.

You visited 5 branches of the dungeon, and saw 21 of its levels.
You also visited: Volcano.

You collected 2263 gold pieces.
You spent 560 gold pieces at shops.

Inventory:

Hand Weapons
 a - a +2 war axe
 z - a +4 hand axe of flaming
 J - a +2 broad axe of electrocution (weapon)
Armour
 b - the -1 pair of gloves of Death's Door {Dex+4}
   (Okawaru gifted it to you on level 6 of the Lair of Beasts)

   It affects your dexterity (+4).
 c - a +2 shield
 d - a scarf of cloud immunity (worn)
 n - a +3 shield of fire resistance (worn)
 x - a +1 cloak of fire resistance
 A - the +2 pair of boots "Qyugoing" (worn) {rElec MR+ Int+4 Dex-5}
   (Okawaru gifted it to you on level 4 of the Lair of Beasts)

   It affects your intelligence (+4).
   It affects your dexterity (-5).
   It insulates you from electricity.
   It affects your resistance to hostile enchantments.
 C - the -1 cloak of Inviolability {rN++}
   (Okawaru gifted it to you on level 2 of the Orcish Mines)

   It greatly protects you from negative energy.
 F - the +8 plate armour of Light {rF+}
   (You found it on level 1 of the Lair of Beasts)

   It protects you from fire.
 G - the +2 pair of gloves of Past Mistakes (worn) {rF+}
   (You found it on level 10 of the Dungeon)

   It protects you from fire.
 H - a +3 leather armour of cold resistance (worn)
 N - a +1 plate armour of magic resistance
Jewellery
 g - an uncursed amulet of rage
 i - a +5 ring of strength (left hand)
 l - a +4 ring of evasion
 t - an amulet of regeneration (around neck)
 v - a +3 amulet of reflection
 w - an uncursed ring of resist corrosion
 B - a ring of flight (right hand)
 L - a +1 ring of protection
Wands
 o - a wand of disintegration (23)
 p - a wand of digging (38)
 y - a wand of iceblast (1)
 I - a wand of random effects (21)
Scrolls
 m - 5 scrolls of remove curse
 q - a scroll of identify
 s - 9 scrolls of teleportation
 u - 3 scrolls of fog
Potions
 e - 3 potions of heal wounds
 h - a potion of berserk rage
 j - 2 potions of magic
 k - 4 potions of lignification
 r - 5 potions of curing
 D - 2 potions of resistance
 E - a potion of agility
Comestibles
 f - 27 rations


   Skills:
 - Level 10.0(9.8) Fighting
 * Level 17.6(17.4) Axes
 - Level 10.0(9.8) Armour
 + Level 9.0(8.8) Dodging
 - Level 15.0(14.8) Shields
 - Level 5.0(4.8) Spellcasting
 + Level 8.0(7.8) Invocations
 + Level 6.2(6.1) Evocations


You had 8 spell levels left.
You knew the following spells:

 Your Spells              Type           Power        Failure   Level  Hunger
a - Blink                 Tloc           N/A          34%         2    ##.....
b - Slow                  Hex            #.......     34%         2    ##.....
c - Conjure Flame         Conj/Fire      #.......     58%         3    ###....
d - Mephitic Cloud        Conj/Pois/Air  #.......     58%         3    ###....
e - Passwall              Tmut/Erth      #.......     34%         2    ##.....
f - Petrify               Tmut/Erth      #.......     94%         4    #####..

Your spell library contained the following spells:

 Spells                   Type           Power        Failure   Level  Hunger
 Cause Fear               Hex            #.........   94%         4    #####..
 Magic Dart               Conj           #...         24%         1    #......
 Fireball                 Conj/Fire      #.........   100%        5    ######.
 Bolt of Fire             Conj/Fire      #.........   100%        6    #######
 Ring of Flames           Chrm/Fire      #.........   100%        7    #######
 Call Imp                 Summ           #.......     34%         2    ##.....
 Stone Arrow              Conj/Erth      #.....       58%         3    ###....
 Spider Form              Tmut/Pois      #.........   58%         3    ###....
 Blade Hands              Tmut           #.........   100%        5    ######.
 Ice Form                 Ice/Tmut       #.......     94%         4    #####..
 Dragon Form              Tmut           #.........   100%        7    #######
 Deflect Missiles         Chrm/Air       #.........   100%        6    #######
 Flame Tongue             Conj/Fire      #....        24%         1    #......
 Ignite Poison            Fire/Tmut/Pois #.......     58%         3    ###....
 Sticks to Snakes         Tmut           #.......     34%         2    ##.....
 Silence                  Hex/Air        #.........   100%        5    ######.
 Lee's Rapid Deconstruct  Erth           #.........   100%        5    ######.
 Sandblast                Erth           #.....       24%         1    #......
 Beastly Appendage        Tmut           #.....       24%         1    #......
 Discord                  Hex            #.........   100%        8    #######
 Dragon's Call            Summ           #.........   100%        9    #######
 Yara's Violent Unravell  Hex/Tmut       #.........   100%        5    ######.
 Ignition                 Fire           #.........   100%        8    #######


Dungeon Overview and Level Annotations

Branches:
Dungeon (11/15)            Temple (1/1) D:6            Lair (6/6) D:8
 Shoals (1/4) Lair:3        Snake (0/4) Lair:2        Slime (0/5) Lair:6
    Orc (2/2) D:11            Elf (0/3) Orc:2

Altars:
Ashenzari
Cheibriados
Dithmenos
Elyvilon
Fedhas
Gozag
Hepliaklqana
Kikubaaqudgha
Makhleb
Nemelex Xobeh
Okawaru
Qazlal
Ru
Sif Muna
Trog
Uskayaw
Vehumet
Wu Jian
Xom
Yredelemnul
Zin
The Shining One
Beogh
Jiyva

Shops:
D:3 *   D:9 ?   D:11 !   Orc:2 ?%(*

Annotations:
Lair:3 1 runed door, Bouck's ghost, journeyman MiBe


Innate Abilities, Weirdness & Mutations

You reflexively headbutt those who attack you in melee.
You have a pair of horns on your head.
You are frail. (-10% HP)
Your spells are a little easier to cast, but a little less powerful.
You expend magic power (3 MP) to strengthen your wands.


Message History

The faun gestures at you while chanting.
You resist with almost no effort.
The faun shoots a stone.
You block the stone. You block the snapping turtle's attack.
You slash the merfolk! You headbutt the merfolk.
The merfolk is almost dead.
You completely miss the bush. You slash the faun!
The merfolk hits you with a trident.
* * * LOW HITPOINT WARNING * * *
The faun hits you but does no damage.
You barely miss the merfolk.
You kill the merfolk!
Okawaru accepts your kill.
You slash the faun! Lightning courses through the faun!
You kill the faun!
Okawaru accepts your kill.
You hit the bush.
The faun shoots a stone.
The stone closely misses you.
The snapping turtle bites you from afar!!
* * * LOW HITPOINT WARNING * * *
The faun shoots a sling bullet.
The sling bullet hits you.
You die...

≈≈.....P.≈≈≈≈≈≈≈≈
≈...###.<≈≈≈≈≈≈.
≈............... .
≈....#.(.##.(##..#
.....##((##(.##..#
.......(((..§.....
........§§t§Pc....
.../.##§§Pcc§c..P.
..... #(§@§c§.P..⌠
......(..§§P§.....
.?.......P§§§...P.
.....##...⌠..P....
... #..P.P...... .
.........P..
.............
.#...##...#..


You could see a satyr, a snapping turtle and 2 fauns.

Vanquished Creatures
  An orc warlord (Orc:2)
  Snorg (D:10)
  An ogre mage (Volcano)
  8 hydras
  8 two-headed ogres
  Erica (Lair:2)
  A death knight (D:11)
  4 death yaks (Lair:5)
  A tengu warrior (D:11)
  2 unseen horrors
  A hell knight (Volcano)
  The ghost of sking99 the Martial Artist, a novice OpTm of Makhleb (D:6)
  The ghost of Hebeh the Skirmisher, a novice MiFi (D:6)
  An orc knight (D:9)
  An oklob plant (Lair:2)
  Pikel (D:4)
  A manticore (D:11)
  An ugly thing (D:11)
  11 orc sorcerers
  A faun (Shoals:1)
  An ice statue (Lair:6)
  6 elephants (Lair:3)
  4 black mambas
  The ghost of Amnesiac the Destroyer, a novice DEWz of Sif Muna (D:9)
  20 spiny frogs
  5 rime drakes
  4 komodo dragons
  2 freezing wraiths
  3 merfolk
  5 trolls
  4 tyrant leeches (Lair:6)
  25 blink frogs
  2 polar bears (Lair:6)
  Prince Ribbit (D:6)
  11 hippogriffs
  A centaur simulacrum (D:9)
  3 wraiths (D:11)
  A vampire (D:10)
  A wyvern (Lair:1)
  35 yaks
  2 basilisks
  Eustachio (D:4)
  6 vampire mosquitoes (Lair:6)
  Grum (D:8)
  A hungry ghost (D:8)
  2 nagas (Lair:2)
  7 wargs
  Edmund (D:6)
  15 water moccasins
  6 porcupines
  Duvessa (D:6)
  11 orc warriors
  3 phantoms
  3 slaves (D:4)
  8 ice beasts
  3 sky beasts
  11 ogres
  3 centaurs
  13 crocodiles
  10 wolves
  3 big kobolds
  30 bullfrogs
  Dowan (D:6)
  4 scorpions
  2 electric eels
  22 wights
  5 crimson imps
  A bullfrog zombie (D:5)
  A spectral bullfrog (D:9)
  2 centaur zombies
  6 hounds
  5 jellies
  A centaur skeleton (D:8)
  10 orc priests
  29 orc wizards
  4 bullfrog skeletons
  4 iguanas
  Natasha (thrice) (D:4)
  8 worker ants
  A killer bee zombie (D:5)
  A bullfrog simulacrum (D:9)
  2 worker ant zombies
  11 adders
  A howler monkey skeleton (D:10)
  2 shadow imps
  5 oozes (D:9)
  5 worms
  A dart slug (D:3)
  7 leopard geckos
  54 orcs
  4 bats
  5 giant cockroaches
  6 goblins
  9 hobgoblins
  6 jackals
  4 quokkas
  7 frilled lizards
  21 kobolds
  15 rats
  3 fungi
  3 plants
605 creatures vanquished.

Vanquished Creatures (others)
  4 orc wizards (Orc:2)
  An orc (Orc:2)
  7 fungi
  37 plants
  A withered plant (D:6)
50 creatures vanquished.

Grand Total: 655 creatures vanquished

Notes
Turn   | Place    | Note
-------+----------+-------------------------------------------
     0 | D:1      | Gildeon the Minotaur Fighter began the quest for the Orb.
     0 | D:1      | Reached XP level 1. HP: 19/19 MP: 0/0
   248 | D:1      | Reached XP level 2. HP: 27/27 MP: 1/1
   331 | D:1      | Reached skill level 3 in Axes
   702 | D:2      | Reached skill level 1 in Dodging
   702 | D:2      | Reached XP level 3. HP: 33/33 MP: 2/2
   918 | D:2      | Found a faded altar of an unknown god.
  1327 | D:2      | Reached XP level 4. HP: 40/40 MP: 3/3
  1481 | D:3      | Found a stormy altar of Qazlal.
  1555 | D:3      | Reached skill level 4 in Axes
  1901 | D:3      | Found an opulent altar of Gozag.
  1908 | D:3      | Found Gozag's Platinum Reserve.
  1976 | D:4      | Noticed Natasha
  1980 | D:4      | Killed Natasha
  1980 | D:4      | Reached XP level 5. HP: 41/47 MP: 4/4
  2132 | D:4      | Noticed Eustachio
  2139 | D:4      | Killed Eustachio
  2139 | D:4      | Reached skill level 5 in Axes
  2139 | D:4      | Reached XP level 6. HP: 55/55 MP: 5/5
  2171 | D:4      | Noticed a slave
  2173 | D:4      | Noticed a slave
  2174 | D:4      | Noticed Natasha
  2175 | D:4      | Noticed a slave
  2178 | D:4      | Killed a slave
  2179 | D:4      | Killed Natasha
  2180 | D:4      | Noticed Pikel
  2182 | D:4      | Killed a slave
  2183 | D:4      | Noticed Natasha
  2183 | D:4      | Killed a slave
  2185 | D:4      | Noticed a slave
  2188 | D:4      | Killed Pikel
  2188 | D:4      | Reached skill level 5 in Fighting
  2188 | D:4      | Reached skill level 6 in Axes
  2188 | D:4      | Reached skill level 5 in Armour
  2188 | D:4      | Reached skill level 5 in Shields
  2188 | D:4      | Reached XP level 7. HP: 44/61 MP: 6/6
  2191 | D:4      | Killed Natasha
  2293 | D:4      | Found a shattered altar of Ashenzari.
  2295 | D:4      | Found a deep blue altar of Sif Muna.
  2384 | D:5      | Entered Level 5 of the Dungeon
  2559 | D:5      | Reached skill level 7 in Axes
  2564 | D:5      | Reached XP level 8. HP: 59/69 MP: 7/7
  2907 | D:6      | Noticed Edmund
  2919 | D:6      | Killed Edmund
  3005 | D:6      | Found a staircase to the Ecumenical Temple.
  3016 | D:6      | Reached skill level 8 in Axes
  3090 | Temple   | Entered the Ecumenical Temple
  3161 | Temple   | Became a worshipper of Warmaster Okawaru
  3321 | D:6      | Reached skill level 5 in Dodging
  3342 | D:6      | Reached skill level 9 in Axes
  3352 | D:6      | Reached skill level 1 in Invocations
  3389 | D:6      | Reached XP level 9. HP: 74/74 MP: 9/9
  3401 | D:6      | Noticed Prince Ribbit
  3418 | D:6      | Killed Prince Ribbit
  3418 | D:6      | Reached * piety under Okawaru
  3483 | D:6      | Reached skill level 10 in Axes
  3589 | D:6      | Found a snail-covered altar of Cheibriados.
  3607 | D:6      | Noticed Duvessa
  3607 | D:6      | Noticed Dowan
  3612 | D:6      | Killed Duvessa
  3616 | D:6      | Reached ** piety under Okawaru
  3630 | D:6      | Killed Dowan
  3716 | D:6      | You fall through a shaft for 2 floors!
  3907 | D:6      | Reached skill level 11 in Axes
  4080 | D:6      | Found a runed gate.
  4082 | D:6      | Found a runed gate.
  4084 | D:6      | Found a runed gate.
  4084 | D:6      | Noticed sking99's ghost (novice OpTm)
  4084 | D:6      | Noticed Hebeh's ghost (novice MiFi)
  4607 | D:7      | Noticed a moth of wrath
  4610 | D:7      | Found a bloodstained altar of Trog.
  4700 | D:7      | Reached *** piety under Okawaru
  4784 | D:7      | Found a white marble altar of Elyvilon.
  4881 | D:7      | Reached XP level 10. HP: 82/82 MP: 12/12
  4946 | D:8      | Noticed Grum
  4973 | D:8      | Killed Grum
  5242 | D:8      | Found a staircase to the Lair.
  5423 | D:8      | Reached skill level 12 in Axes
  5916 | Lair:1   | Entered Level 1 of the Lair of Beasts
  5929 | Lair:1   | Reached skill level 5 in Invocations
  5985 | Lair:1   | Reached **** piety under Okawaru
  6057 | Lair:1   | Reached skill level 1 in Evocations
  6106 | Lair:1   | Got a shimmering plate armour
  6117 | Lair:1   | Identified the +8 plate armour of Light {rF+} (You found it on level 1 of the Lair of Beasts)
  6264 | Lair:1   | Reached skill level 13 in Axes
  6264 | Lair:1   | Reached skill level 10 in Shields
  6454 | Lair:1   | Reached ***** piety under Okawaru
  6586 | Lair:2   | Gained mutation: You are agile. (Dex +2) [potion of mutation]
  6586 | Lair:2   | Gained mutation: You are frail. (-10% HP) [potion of mutation]
  6586 | Lair:2   | Gained mutation: You are covered in fur. (AC +1) [potion of mutation]
  6586 | Lair:2   | Gained mutation: You can translocate small distances at will. [potion of mutation]
  6587 | Lair:2   | Lost mutation: You are agile. (Dex +2) [potion of mutation]
  6587 | Lair:2   | Lost mutation: You are frail. (-10% HP) [potion of mutation]
  6587 | Lair:2   | Gained mutation: You have a pair of large horns on your head. [potion of mutation]
  6587 | Lair:2   | Gained mutation: Your muscles are strong. (Str +2) [potion of mutation]
  6616 | Lair:2   | Found a dark tunnel.
  6637 | Volcano  | Entered a volcano
  6653 | Volcano  | Noticed an ogre mage
  6668 | Volcano  | Noticed a two-headed ogre
  6669 | Volcano  | Noticed a two-headed ogre
  6681 | Volcano  | Killed a two-headed ogre
  6681 | Volcano  | Reached XP level 11. HP: 74/88 MP: 13/13
  6682 | Volcano  | Killed a two-headed ogre
  6690 | Volcano  | Noticed a two-headed ogre
  6695 | Volcano  | Killed an ogre mage
  6695 | Volcano  | Received a gift from Okawaru
  6696 | Volcano  | Noticed a two-headed ogre
  6696 | Volcano  | Noticed a two-headed ogre
  6696 | Volcano  | Noticed a two-headed ogre
  6697 | Volcano  | Found a bloodstained altar of Trog.
  6697 | Volcano  | Noticed a hell knight
  6707 | Volcano  | Killed a two-headed ogre
  6707 | Volcano  | Reached skill level 14 in Axes
  6725 | Volcano  | Killed a two-headed ogre
  6727 | Volcano  | Killed a two-headed ogre
  6732 | Volcano  | Killed a two-headed ogre
  6732 | Volcano  | Reached ****** piety under Okawaru
  6745 | Volcano  | Killed a hell knight
  6861 | Lair:2   | Found a staircase to the Snake Pit.
  6872 | Lair:2   | Reached skill level 5 in Evocations
  6910 | Lair:2   | Noticed a seven-headed hydra
  6944 | Lair:2   | Killed a seven-headed hydra
  6944 | Lair:2   | Received a gift from Okawaru
  6952 | Lair:2   | Reached skill level 15 in Axes
  6955 | Lair:2   | Reached skill level 1 in Spellcasting
  6987 | Lair:2   | Noticed Erica
  6998 | Lair:2   | Killed Erica
  7147 | Lair:2   | Reached XP level 12. HP: 94/94 MP: 14/14
  7516 | Lair:2   | Received a gift from Okawaru
  7988 | Lair:3   | Reached skill level 16 in Axes
  8243 | Lair:3   | Reached XP level 13. HP: 75/104 MP: 16/16
  8386 | Lair:3   | Found a staircase to the Shoals.
  8783 | Lair:3   | Found a runed door.
  8783 | Lair:3   | Noticed Bouck's ghost (journeyman MiBe)
  8900 | Lair:4   | Received a gift from Okawaru
  8925 | Lair:4   | Got a pair of spiked boots {god gift}
  8931 | Lair:4   | Identified the +2 pair of boots "Qyugoing" {rElec MR+ Int+4 Dex-5} (Okawaru gifted it to you on level 4 of the Lair of Beasts)
  9789 | Lair:5   | Reached skill level 15 in Shields
  9933 | Lair:5   | Reached XP level 14. HP: 105/115 MP: 19/19
 10489 | Lair:6   | Entered Level 6 of the Lair of Beasts
 10509 | Lair:6   | Lost mutation: You are covered in fur. (AC +1) [potion of mutation]
 10509 | Lair:6   | Lost mutation: You have a pair of large horns on your head. [potion of mutation]
 10509 | Lair:6   | Lost mutation: Your muscles are strong. (Str +2) [potion of mutation]
 10509 | Lair:6   | Gained mutation: Your system is resistant to poisons. (rPois) [potion of mutation]
 10539 | Lair:6   | Received a gift from Okawaru
 10539 | Lair:6   | Reached skill level 5 in Spellcasting
 10601 | Lair:6   | Got a pair of spiked gloves {god gift}
 10611 | Lair:6   | Identified the -1 pair of gloves of Death's Door {Dex+4} (Okawaru gifted it to you on level 6 of the Lair of Beasts)
 10731 | Lair:6   | Reached skill level 10 in Fighting
 11156 | Lair:6   | Found a staircase to the Slime Pits.
 11157 | Lair:6   | Found a viscous altar of Jiyva.
 12382 | D:6      | Killed Hebeh's ghost
 12384 | D:6      | Killed sking99's ghost
 12543 | D:9      | Found Lodghidoll's Magic Scroll Shop.
 12583 | D:9      | Received a gift from Okawaru
 12961 | D:9      | Found a runed gate.
 12961 | D:9      | Found a runed gate.
 12961 | D:9      | Found a runed gate.
 12961 | D:9      | Noticed Amnesiac's ghost (novice DEWz)
 12982 | D:9      | Killed Amnesiac's ghost
 12987 | D:9      | Lost mutation: Your system is resistant to poisons. (rPois) [potion of mutation]
 12987 | D:9      | Lost mutation: You can translocate small distances at will. [potion of mutation]
 12987 | D:9      | Gained mutation: Your mind is acute. (Int +2) [potion of mutation]
 12987 | D:9      | Gained mutation: You are partially covered in slimy green scales. (AC +2) [potion of mutation]
 12987 | D:9      | Gained mutation: You evolve. [potion of mutation]
 13091 | D:9      | Reached skill level 10 in Armour
 13152 | D:10     | Entered Level 10 of the Dungeon
 13177 | D:10     | Lost mutation: Your mind is acute. (Int +2) [potion of mutation]
 13177 | D:10     | Lost mutation: You are partially covered in slimy green scales. (AC +2) [potion of mutation]
 13177 | D:10     | Lost mutation: You evolve. [potion of mutation]
 13177 | D:10     | Gained mutation: You have large cloven feet. [potion of mutation]
 13177 | D:10     | Gained mutation: You are robust. (+10% HP) [potion of mutation]
 13177 | D:10     | Gained mutation: You can translocate small distances at will. [potion of mutation]
 13178 | D:10     | Lost mutation: You have large cloven feet. [potion of mutation]
 13178 | D:10     | Gained mutation: You are somewhat resistant to further mutation. [potion of mutation]
 13561 | D:10     | Got a pair of faintly humming gloves
 13572 | D:10     | Identified the +2 pair of gloves of Past Mistakes {rF+} (You found it on level 10 of the Dungeon)
 13684 | D:10     | Lost mutation: You are robust. (+10% HP) [potion of mutation]
 13684 | D:10     | Lost mutation: You can translocate small distances at will. [potion of mutation]
 13685 | D:10     | Lost mutation: You are somewhat resistant to further mutation. [potion of mutation]
 13685 | D:10     | Gained mutation: Your spells are a little easier to cast, but a little less powerful. [potion of mutation]
 13685 | D:10     | Gained mutation: You expend magic power (3 MP) to strengthen your wands. [potion of mutation]
 13796 | D:10     | Learned a level 2 spell: Blink
 13799 | D:10     | Learned a level 2 spell: Slow
 13803 | D:10     | Learned a level 3 spell: Conjure Flame
 13807 | D:10     | Learned a level 3 spell: Mephitic Cloud
 13822 | D:10     | Noticed Snorg
 13852 | D:10     | Killed Snorg
 13852 | D:10     | Received a gift from Okawaru
 13999 | D:11     | Found a staircase to the Orcish Mines.
 14057 | D:11     | Reached XP level 15. HP: 126/126 MP: 21/21
 14232 | D:11     | Found Ledustruc's Distillery.
 14255 | D:11     | Reached skill level 17 in Axes
 14900 | Orc:1    | Entered Level 1 of the Orcish Mines
 15344 | Orc:2    | Entered Level 2 of the Orcish Mines
 15461 | Orc:2    | Noticed an orc warlord
 15487 | Orc:2    | Killed an orc warlord
 15699 | Orc:2    | Found Veemo's Weapon Boutique.
 15699 | Orc:2    | Found Duzaujugh's General Store.
 15717 | Orc:2    | Gained mutation: You are frail. (-10% HP) [a neqoxec]
 15829 | Orc:2    | Found an iron altar of Okawaru.
 15874 | Orc:2    | Found a staircase to the Elven Halls.
 16027 | Orc:2    | Found Foacepeo's Food Emporium.
 16052 | Orc:2    | Found Akic's Magic Scroll Boutique.
 16055 | Orc:2    | Received a gift from Okawaru
 16095 | Orc:2    | Got a fine cloak {god gift}
 16107 | Orc:2    | Identified the -1 cloak of Inviolability {rN++} (Okawaru gifted it to you on level 2 of the Orcish Mines)
 16143 | Orc:2    | Found a roughly hewn altar of Beogh.
 16366 | Orc:2    | Bought a book of Geomancy for 560 gold pieces
 16369 | Orc:2    | Learned a level 2 spell: Passwall
 16374 | Orc:2    | Learned a level 4 spell: Petrify
 16870 | Shoals:1 | Entered Level 1 of the Shoals
 16886 | Shoals:1 | HP: 5/113 [faun/uncursed spear (17)]
 16890 | Shoals:1 | HP: 1/113 [snapping turtle (22)]
 16890 | Shoals:1 | Shot with a sling bullet by a faun

Vault maps used:
D:1:      tarquinn_simple_flora_water_c, minivault_19
D:2:      chequers_ecumenical_altar_simple_redux, kennysheep_generic_room_7
D:3:      grunt_qazlal_clouds, nicolae_gozag_zags_fifth_avenue
D:4:      chequers_temple_overflow_statue_of_worship, first_ration,
          minmay_misc_feat_roman, uniq_natasha, uniq_pikel, uniq_eustachio
D:6:      minmay_temple_entry_large_hall, basic_altar, gammafunk_ghost_cemetery,
          minivault_22, uniq_duvessa, uniq_edmund, uniq_prince_ribbit1
D:7:      elyvilon_altar_1, tgw_trog
D:8:      lair_entry_dummy, uniq_grum
D:9:      gammafunk_ghost_necromancy, serial_shops, shop_scrolls,
          hangedman_little_slice_of_home, kennysheep_just_a_vault
D:10:     uniq_snorg
D:11:     orc_0_dummy, serial_shops, nicolae_shop_statue_plus
Temple:   regret_index_temple_sphere_string
Lair:1:   grunt_forest_stairs_basic
Lair:2:   guppyfry_snake_entry_garden, nicolae_volcano_entry_lava_flow,
          grunt_megastairs_4, lemuel_fruit_fields, serial_bayou_shore_a,
          minmay_lair_oklob_chamber, uniq_erica
Lair:3:   elwin_shoals_entry_rooms, gammafunk_ghost_grave
Lair:6:   minmay_lair_end_frog_pond, slime_altar_1, ice2_lemuel
Shoals:1: cheibrodos_shoals_satyrical_garden, wheals_shoals_ruined_temple,
          uniq_nikola, uniq_aizul
Orc:2:    st_orc_town, okawaru_metal_pillars_1_2
Volcano:  kennysheep_volcano_temple

Skill      XL: |  1  2  3  4  5  6  7  8  9 10 11 12 13 14 15 |
---------------+----------------------------------------------+-----
Axes           | 3 4 5 6 7 9 11 13 15 16 17 | 17.6
Fighting       | 4 5 6 8 10 | 10.0
Dodging        | 1 2 3 5 8 9 |  9.0
Shields        | 4 5 7 8 10 11 14 15 | 15.0
Armour         | 4 5 10 | 10.0
Invocations    | 1 4 5 7 8 |  8.0
Evocations     | 3 5 6 |  6.2
Spellcasting   | 1 3 4 5 |  5.0

Action                   |  1- 3 |  4- 6 |  7- 9 | 10-12 | 13-15 || total
-------------------------+-------+-------+-------+-------+-------++-------
Melee: War axe           |    92 |    50 |   243 |   380 |   663 ||  1428
       Headbutt          |    18 |    10 |    57 |    99 |   229 ||   413
       Flail             |       |       |       |    13 |       ||    13
       Scimitar          |       |       |       |       |    41 ||    41
       Broad axe         |       |       |       |       |   299 ||   299
 Abil: Blink             |       |       |       |       |     2 ||     2
       Evoke Flight      |       |       |       |       |     2 ||     2
Evoke: Wand              |       |     4 |     1 |    10 |    10 ||    25
  Use: Scroll            |     4 |     4 |     5 |    14 |    21 ||    48
       Potion            |       |     1 |       |     6 |    12 ||    19
  Eat: Ration            |     1 |       |     1 |     2 |     6 ||    10
       Chunk             |       |     1 |     5 |     6 |     9 ||    21
Armor: Scale mail        |    24 |    20 |     8 |       |       ||    52
       Chain mail        |       |       |    34 |    26 |       ||    60
       Plate armour      |       |       |       |    69 |   365 ||   434
       Leather armour    |       |       |       |       |     7 ||     7
       Skin              |       |       |       |       |    21 ||    21
Dodge: Dodged            |    38 |    26 |    87 |   121 |   432 ||   704
Block: Shield            |    46 |    38 |   122 |   233 |   825 ||  1264
       Rpst.: Scimitar   |       |       |       |       |     9 ||     9

Table legend:
 A = Spawn XP
 B = Non-spawn XP
 C = Spawn XP percentage of total XP
 D = Spawn monster count
 E = Non-spawn monster count
 F = Spawn count percentage of total count
 G = Total turns spent on level
                    A         B        C        D         E        F      G
               +---------+---------+-------+---------+---------+-------+---------
         Total |       0 |  100663 |   0.0 |       0 |     596 |   0.0 | 16890
               +---------+---------+-------+---------+---------+-------+---------
           D:1 |       0 |      38 |   0.0 |       0 |      24 |   0.0 |   698
           D:2 |       0 |      63 |   0.0 |       0 |      18 |   0.0 |   775
           D:3 |       0 |      93 |   0.0 |       0 |      22 |   0.0 |   469
           D:4 |       0 |     980 |   0.0 |       0 |       7 |   0.0 |   442
           D:5 |       0 |     451 |   0.0 |       0 |      15 |   0.0 |   523
           D:6 |       0 |    4057 |   0.0 |       0 |      44 |   0.0 |  1223
           D:7 |       0 |     875 |   0.0 |       0 |      22 |   0.0 |   660
           D:8 |       0 |    1523 |   0.0 |       0 |      25 |   0.0 |  1193
           D:9 |       0 |    4011 |   0.0 |       0 |      39 |   0.0 |   669
          D:10 |       0 |    2717 |   0.0 |       0 |      13 |   0.0 |   853
          D:11 |       0 |    6864 |   0.0 |       0 |      49 |   0.0 |   909
        Lair:1 |       0 |    3509 |   0.0 |       0 |      18 |   0.0 |   675
        Lair:2 |       0 |    8287 |   0.0 |       0 |      32 |   0.0 |  1105
        Lair:3 |       0 |    6950 |   0.0 |       0 |      27 |   0.0 |  1046
        Lair:4 |       0 |    5561 |   0.0 |       0 |      22 |   0.0 |   894
        Lair:5 |       0 |   10983 |   0.0 |       0 |      31 |   0.0 |   986
        Lair:6 |       0 |   22651 |   0.0 |       0 |      83 |   0.0 |  1806
      Shoals:1 |       0 |     445 |   0.0 |       0 |       2 |   0.0 |    20
         Orc:1 |       0 |    1954 |   0.0 |       0 |      12 |   0.0 |   455
         Orc:2 |       0 |   11441 |   0.0 |       0 |      83 |   0.0 |  1068
       Volcano |       0 |    7210 |   0.0 |       0 |       8 |   0.0 |   208
               +---------+---------+-------+---------+---------+-------+---------
